 Dungeon Crawl Stone Soup version 0.31-a0-192-ga50d7bf3bb (webtiles) character file.

Game seed: 11454740439993527996

58 qw the Shooter (level 3, -1/20 HPs)
             Began as a Deep Elf Hunter on June 23, 2023.
             Killed by divine providence
             ... invoked by an orc priest
              (11 damage)
             ... on level 3 of the Dungeon.
             The game lasted 00:00:30 (1181 turns).

qw the Shooter (Deep Elf Hunter)                    Turns: 1181, Time: 00:00:30

Health: -1/20      AC:  5    Str: 10    XL:     3   Next: 76%
Magic:  5/5        EV: 11    Int: 13    God:
Gold:   123        SH:  0    Dex: 18    Spells: 2/2 levels left

rFire   . . .        Y - +1 shortbow
rCold   . . .        (shield currently unavailable)
rNeg    . . .        a - +0 ring mail
rPois   .            (no helmet)
rElec   .            (no cloak)
rCorr   .            (no gloves)
SInv    .            (no boots)
Will    .....        d - amulet of faith
Stlth   +            (no ring)
HPRegen 0.23/turn    (no ring)
MPRegen 0.09/turn

%: faith
@: no status effects
A: no striking features
a: no special abilities


You were on level 3 of the Dungeon.
You visited 1 branch of the dungeon, and saw 3 of its levels.

You collected 123 gold pieces.


   Skills:
 - Level 1.5 Fighting
 + Level 7.2 Ranged Weapons
 - Level 2.4 Dodging
 - Level 1.2 Stealth


You had 2 spell levels left.
You didn't know any spells.
Your spell library was empty.

Inventory:

Hand Weapons
 Y - a +1 shortbow (weapon)
Armour
 a - a +0 ring mail (worn)
Jewellery
 d - an amulet of faith (around neck)
Potions
 h - 2 potions of curing

Dungeon Overview and Level Annotations

Branches:
Dungeon (3/15)

Altars:


Message History

There is a stone staircase leading down here.
Enter note:
Enter note:
Enter note:
Enter note:
Enter note:
Enter note:
Enter note:
Enter note:
Enter note:
Enter note:
Enter note:
Enter note: You shoot an arrow.
The arrow hits the orc.
You kill the orc!
You start resting.
HP restored.
Partly explored, can't reach some places.
(D) Dungeon
Where to? (* - list waypoints, Enter - D:3, ? - help)
What level of the Dungeon? (default 1, ? - help)
You climb downwards.
The orc barely misses you.
There is a stone staircase leading up here.
There are monsters nearby!
You shoot an arrow. The arrow hits the orc.
The orc is severely wounded.
You hear a shout!
An orc comes into view. It is wielding a +0 dagger.
The orc barely misses you.
You shoot an arrow. The arrow barely misses the orc.
The arrow hits the orc priest!
The orc priest is heavily wounded.
The orc priest mumbles some strange prayers to Beogh against you.
Beogh smites you!
Ouch! That really hurt!
The orc misses you.
The orc priest mumbles some strange prayers to Beogh against you.
Beogh smites you!
Ouch! That really hurt!
You die...

.
#+###....
#@ooo....
#.#S...##
#.# #...#
### ..# .


You could see an orc priest, 2 orcs and a ball python.

Vanquished Creatures
  An adder (D:2)
  2 worms (D:2)
  2 dart slugs
  An orc (D:2)
  5 endoplasms
  2 giant cockroaches
  4 goblins
  3 hobgoblins
  3 kobolds
  2 quokkas
  6 ball pythons
  A bat (D:1)
  4 rats
36 creatures vanquished.

Notes
Turn   | Place    | Note
-------+----------+-------------------------------------------
     0 | D:1      | qw the Deep Elf Hunter began the quest for the Orb.
     0 | D:1      | Reached XP level 1. HP: 12/12 MP: 3/3
     0 | D:1      | 0 ||| qw: Version: 0.3-a-9-g12657ce
     0 | D:1      | 0 ||| qw: Game counter: 4582
     0 | D:1      | 0 ||| qw: Always use a shield: true
     0 | D:1      | 0 ||| qw: God list: Okawaru
     0 | D:1      | 0 ||| qw: Allow faded altars: false
     0 | D:1      | 0 ||| qw: Do Orc after D:15 true
     0 | D:1      | 0 ||| qw: Do second Lair branch before Depths: true
     0 | D:1      | 0 ||| qw: Lair rune preference: random
     0 | D:1      | 0 ||| qw: Plans: Normal
     0 | D:1      | 0 ||| PLANNING D:1-11
   191 | D:1      | 191 ||| UPGRADING to amulet of faith.
   199 | D:1      | Reached XP level 2. HP: 13/16 MP: 4/4
   217 | D:1      | Reached skill level 6 in Ranged Weapons
   646 | D:1      | 646 ||| READING scroll labelled TUIRUE DAOLO.
   647 | D:1      | 647 ||| READING 2 scrolls labelled SEXONA IRRICWIUL.
   648 | D:1      | 648 ||| READING 2 scrolls labelled VELEAPH LUNUQIDEI.
   649 | D:1      | 649 ||| READING scroll labelled MITITOIQESH.
   650 | D:1      | 650 ||| DRINKING 2 coppery potions.
   651 | D:1      | 651 ||| DROPPING scroll of butterflies.
   652 | D:1      | 652 ||| DROPPING scroll of summoning.
   653 | D:1      | 653 ||| DROPPING scroll of blinking.
   718 | D:2      | Reached XP level 3. HP: 20/20 MP: 5/5
   743 | D:2      | Found a faded altar of an unknown god.
   871 | D:2      | Reached skill level 7 in Ranged Weapons
  1124 | D:2      | 1124 ||| UPGRADING to +0 ring mail.
  1134 | D:2      | 1134 ||| DROPPING +0 leather armour.
  1135 | D:2      | 1135 ||| READING scroll labelled LUXUTHITOLE.
  1163 | D:3      | 1163 ||| STAIRDANCE
  1181 | D:3      | Killed from afar by an orc priest

Levels and vault maps discovered:
D:1:      tarquinn_simple_flora_water_d, layout_basic, serial_glass,
          glass_columns_b, glass_columns_b, glass_columns_a, glass_columns_a,
          glass_columns_c
D:2:      layout_rooms, shapermc_ecumenical_altar_ellora, minmay_tiny_reverse_x
D:3:      layout_basic, xom_butterflies

Skill      XL: |  1  2  3 |
---------------+----------+-----
Ranged Weapons | 6 7 |  7.2
Fighting       | |  1.5
Dodging        | |  2.4
Stealth        | |  1.2

Action                     || total
---------------------------++-------
   Fire: Shortbow          ||    93
    Use: Scroll            ||     5
         Potion            ||     1
 Armour: Leather armour    ||     5
  Dodge: Dodged            ||     9

Table legend:
 A = Non-vault XP
 B = Vault XP
 C = Vault XP percentage of total XP
 D = Non-vault monster count
 E = Vault monster count
 F = Vault count percentage of total count
                 A         B        C        D         E       F
            +---------+---------+-------+---------+---------+-------
      Total |      78 |       6 |   7.1 |      34 |       2 |   5.6
            +---------+---------+-------+---------+---------+-------
        D:1 |      33 |       0 |   0.0 |      18 |       0 |   0.0
        D:2 |      45 |       6 |  11.8 |      16 |       2 |  11.1
            +---------+---------+-------+---------+---------+-------
